 Dungeon Crawl Stone Soup version 0.32-a0-128-g77eb882913 (webtiles) character file.

Game seed: 2617482972042720572

249 Dittersdorf the Shield-Bearer (level 6, -2/39 HPs)
             Began as a Gargoyle Fighter on Feb 7, 2024.
             Incinerated by a bombardier beetle (4 damage)
             ... with a burning spray
             ... on level 3 of the Dungeon.
             The game lasted 00:01:27 (1729 turns).

Dittersdorf the Shield-Bearer (Gargoyle Fighter)    Turns: 1729, Time: 00:01:27

Health: -2/39      AC: 12    Str: 22    XL:     6   Next: 12%
Magic:  6/6        EV:  9    Int:  8    God:
Gold:   117        SH:  4    Dex:  9    Spells: 5/5 levels left

rFire   . . .        a - +0 flail
rCold   . . .        c - +0 buckler
rNeg    + . .        b - +0 scale mail
rPois   ∞            j - +0 helmet
rElec   +            (no cloak)
rCorr   .            (no gloves)
SInv    .            (no boots)
Will    .....        (no amulet) Stlth
                     (no ring)
HPRegen 0.26/turn    (no ring)
MPRegen 0.10/turn

%: no passive effects
@: on fire, glowing
A: sickness immunity, AC +4, negative energy resistance 1, electricity
resistance, torment resistance 1, petrification resistance
a: no special abilities


You were on level 3 of the Dungeon.
You visited 1 branch of the dungeon, and saw 3 of its levels.

You collected 117 gold pieces.

Inventory:

Hand Weapons
 a - a +0 flail (weapon)
Armour
 b - a +0 scale mail (worn)
 c - a +0 buckler (worn)
 j - a +0 helmet (worn)
Scrolls
 f - a scroll of summoning {unknown}
 g - a scroll of silence {unknown}
 i - a scroll of enchant weapon {unknown}
 k - a scroll of fear {unknown}
Potions
 d - a potion of might
 e - 2 potions of cancellation {unknown}
 h - a potion of resistance {unknown}


   Skills:
 + Level 4.6 Fighting
 + Level 3.5 Maces & Flails
 + Level 4.6 Armour
 + Level 4.6 Shields


You had 5 spell levels left.
You didn't know any spells.
Your spell library contained the following spells:

 Spells                   Type           Power      Damage    Failure   Level
 Slow                     Hex            0%         N/A       78%         1
 Mercury Vapours          Alch/Air       0%         N/A       89%         2
 Confusing Touch          Hex            0%         N/A       98%         3
 Mephitic Cloud           Conj/Alch/Air  0%         N/A       98%         3
 Sigil of Binding         Hex            0%         N/A       98%         3
 Vampiric Draining        Necr           0%         2d6       98%         3
 Freezing Cloud           Conj/Ice/Air   0%         6-21      100%        5


Dungeon Overview and Level Annotations

Branches:
Dungeon (3/15)

Altars:
Makhleb


Innate Abilities, Weirdness & Mutations

You are immune to sickness and miasma.
Your stone body is resilient. (AC +4)
You are immune to poison.
You resist negative energy. (rN+)
You are resistant to electric shocks. (rElec)
You are resistant to unholy torment.
You are immune to petrification.


Message History

The liquid fire burns you!
You closely miss the bombardier beetle.
The bombardier beetle is lightly wounded.
The liquid fire burns you!
The bombardier beetle bites you but does no damage.
You are too injured to fight recklessly!
You are too injured to fight recklessly!
You are too injured to fight recklessly!
You are too injured to fight recklessly!
You are too injured to fight recklessly!
You are too injured to fight recklessly!
You are too injured to fight recklessly!
You are too injured to fight recklessly!
You are too injured to fight recklessly!
You are too injured to fight recklessly!
You are too injured to fight recklessly!
You are too injured to fight recklessly!
You are too injured to fight recklessly!
You are too injured to fight recklessly!
You are too injured to fight recklessly!
You are too injured to fight recklessly!
You are too injured to fight recklessly!
You hit the bombardier beetle.
The bombardier beetle is moderately wounded.
The liquid fire burns you!
* * * LOW HITPOINT WARNING * * *
The bombardier beetle closely misses you.
You barely miss the bombardier beetle.
The bombardier beetle is moderately wounded.
The liquid fire burns you!
* * * LOW HITPOINT WARNING * * *
The bombardier beetle barely misses you.
You closely miss the bombardier beetle.
The bombardier beetle is moderately wounded.
The liquid fire burns you!
* * * LOW HITPOINT WARNING * * *
You hit the bombardier beetle.
The bombardier beetle is severely wounded.
The liquid fire burns you!
You die...

# #.<.### ##..####...###
........##...##
###.###..###..##
...##...##..#.
###.####.......
#.########.....####...##
#....?.......#†####.#..#
#.....B@.._......†..##.#
#...........####.#### .#
#............# #... #
#.####.###......##... #
#. ###..#.. ..... #.
....# #.#. ## ##... ...
#.#. ..


You could see a bombardier beetle.

Vanquished Creatures
  Sigmund (D:2)
  A hound (D:3)
  An adder (D:2)
  2 ribbon worms
  4 endoplasms
  2 giant cockroaches (D:2)
  4 hobgoblins
  2 jackals (D:3)
  2 quokkas (D:1)
  4 ball pythons
  2 bats (D:2)
  3 frilled lizards (D:2)
  4 goblins
  3 kobolds
  5 rats
40 creatures vanquished.

Notes
Turn   | Place    | Note
-------+----------+-------------------------------------------
     0 | D:1      | Dittersdorf the Gargoyle Fighter began the quest for the
                  | Orb.
     0 | D:1      | Reached XP level 1. HP: 14/14 MP: 1/1
   209 | D:1      | Reached XP level 2. HP: 15/19 MP: 2/2
   437 | D:1      | Found a faded altar of an unknown god.
   437 | D:1      | Noticed a shadow demon
   541 | D:2      | Reached XP level 3. HP: 23/23 MP: 3/3
   785 | D:2      | Noticed Sigmund
   794 | D:2      | Killed Sigmund
   795 | D:2      | Reached XP level 4. HP: 30/30 MP: 4/4
   795 | D:2      | Reached XP level 5. HP: 34/34 MP: 5/5
  1638 | D:3      | Found a burning altar of Makhleb.
  1655 | D:3      | Reached XP level 6. HP: 31/39 MP: 6/6
  1729 | D:3      | Incinerated by a bombardier beetle

Illustrated notes

Levels and vault maps discovered:
D:1:      dpeg_arrival_rhombi, layout_rooms,
          dreamdust_ecumenical_altar_sealed_demon
D:2:      layout_basic, kennysheep_boxes, uniq_sigmund
D:3:      layout_rooms, bloody_makhleb, grunt_temple_overflow_open,
          minmay_misc_feat_iff, nicolae_half_adder, uniq_natasha, uniq_robin

Skill      XL: |  1  2  3 |
---------------+----------+-----
Fighting       | 4 |  4.6
Maces & Flails | 3 |  3.5
Armour         | 4 |  4.6
Shields        | 4 |  4.6

Action                     |  1- 3 |  4- 6 || total
---------------------------+-------+-------++-------
  Melee: Flail             |   108 |    52 ||   160
 Armour: Scale mail        |    63 |    42 ||   105
  Dodge: Dodged            |    64 |    26 ||    90
  Block: Buckler           |    26 |    11 ||    37

Table legend: (Time is in decaauts)
 A = Elapsed time spent in this place.
 B = Non-inter-level travel time spent in this place.
 C = Inter-level travel time spent in this place.
 D = Time resting spent in this place.
 E = Time spent auto-exploring this place.
 F = Levels seen in this place.
 G = Mean time per level.
                   A        B        C        D        E       F      G
               +--------+--------+--------+--------+--------+-----+--------+
         Total |   1808 |   1720 |     88 |      0 |   1335 |   3 |  602.7 |
       Dungeon |   1808 |   1720 |     88 |      0 |   1335 |   3 |  602.7 |
               +--------+--------+--------+--------+--------+-----+--------+

Top non-repeatable levels by time:
     D:2: 1159 daAuts
     D:1: 524 daAuts
     D:3: 123 daAuts
